 Dungeon Crawl Stone Soup version 0.26.0-15-gc6cd9f7 (webtiles) character file.

Game seed: 114031986808821744

15599 Nagaphobic the Cleaver (level 12, -2/109 (116) HPs)
             Began as a Naga Warper on Jan 23, 2021.
             Slain by Jorgrun
             ... wielding a +0 vorpal quarterstaff
              (4 damage)
             ... while petrified by Jorgrun
             ... on level 12 of the Dungeon.
             The game lasted 00:26:52 (17698 turns).

Nagaphobic the Cleaver (Naga Warper)               Turns: 17698, Time: 00:26:52

HP:   -2/109 (116)  AC: 14    Str: 17 (20) XL:     12   Next: 28%
MP:   0/18          EV: -2    Int: 18 (19) God:
Gold: 1901          SH:  0    Dex:  8 (10) Spells: 8/19 levels left

rFire    . . .     SeeInvis +   U - +14 obsidian axe {vorpal, +Fly SInv *Curse} (curse)
rCold    . . .     Faith    .   (no shield)
rNeg     + + +     Spirit   +   D - +1 swamp dragon scales
rPois    ∞         Reflect  .   (no helmet)
rElec    .         Harm     .   C - +2 cloak
rCorr    .         Rampage  .   s - +0 pair of gloves
Will     +....                  (no barding)
Stlth    ..........             n - amulet of guardian spirit
HPRegen  0.28/turn              j - +4 ring of evasion
MPRegen  0.16/turn              p - +6 ring of strength

@: petrified, grasped by roots, mesmerised, constricted, drained, very slow
A: large, see invisible, deformed body, poison resistance, slowness 2, spit
poison 1, AC +4
a: Spit Poison, Evoke Flight


You were on level 12 of the Dungeon.
You visited 2 branches of the dungeon, and saw 13 of its levels.
You also visited: Sewer.

You collected 1901 gold pieces.

Inventory:

Hand Weapons
 b - a +3 flail of holy wrath
   (You took it off Edmund on level 5 of the Dungeon)
 w - a +4 battleaxe of holy wrath
   (You took it off Harold on level 8 of the Dungeon)
 y - the +9 long sword "Tetacw Vumui" {vorpal, *Corrode +Rage rN+ Int+5}
   (You found it on level 5 of the Dungeon)

   It inflicts extra damage upon your enemies.
   It affects your intelligence (+5).
   It protects you from negative energy.
   It lets you go berserk.
   It may corrode you when you take damage.
 H - a +1 morningstar of protection
   (You took it off Maggie on level 6 of the Dungeon)
 U - the cursed +14 obsidian axe (weapon) {vorpal, +Fly SInv *Curse}
   (You found it on level 9 of the Dungeon)

   It inflicts extra damage upon your enemies.
   It lets you see invisible.
   It lets you fly.
   It curses itself when equipped.
   It has a curse placed upon it.
Missiles
 h - 37 boomerangs (quivered)
 N - a throwing net {!f}
Armour
 s - a +0 pair of gloves (worn)
   (You found it on level 4 of the Dungeon)
 u - a +0 leather armour
 C - a +2 cloak (worn)
   (You found it on level 5 of the Dungeon)
 D - +1 swamp dragon scales (worn)
   (You found it on level 7 of the Dungeon)
 F - a +0 plate armour
   (You took it off an orc warrior on level 7 of the Dungeon)
 I - +0 acid dragon scales
   (You took it off Maggie on level 6 of the Dungeon)
Jewellery
 j - a +4 ring of evasion (left hand)
   (You found it on level 1 of the Dungeon)
 n - an amulet of guardian spirit (around neck)
   (You found it on level 2 of the Dungeon)
 o - an uncursed ring of stealth
   (You found it on level 3 of the Dungeon)
 p - a +6 ring of strength (right hand)
   (You found it on level 2 of the Dungeon)
 q - an uncursed ring of fire
   (You found it on level 3 of the Dungeon)
 E - a cursed ring of teleportation {unknown}
   (You found it on level 6 of the Dungeon)
 K - an uncursed ring of protection from fire {unknown}
   (You found it on level 7 of the Dungeon)
 V - an uncursed ring of ice
   (You found it on level 9 of the Dungeon)
Wands
 c - a wand of disintegration (19)
   (You found it on level 9 of the Dungeon)
 v - a wand of digging (6)
   (You found it on level 5 of the Dungeon)
 S - a wand of enslavement (13)
   (You found it on level 9 of the Dungeon)
Scrolls
 f - 11 scrolls of remove curse {@r2}
 r - 6 scrolls of teleportation {@r4}
 x - 2 scrolls of blinking
 J - 4 scrolls of enchant weapon
 M - 2 scrolls of fear
 O - a scroll of vulnerability {!r}
 P - a scroll of magic mapping
Potions
 d - 4 potions of curing {@q1}
 e - 2 potions of degeneration {!q}
 g - a potion of resistance
 i - a potion of invisibility {unknown}
 l - 4 potions of flight
 m - 2 potions of cancellation {unknown}
 t - 3 potions of lignification {!q}
 z - 5 potions of attraction {!q}
 G - a potion of haste {@q3}
 Q - a potion of ambrosia {unknown}
 W - a potion of magic {unknown}
 Y - a potion of mutation {unknown}


   Skills:
 + Level 9.8 Fighting
 * Level 12.6 Axes
 - Level 0.8 Throwing
 + Level 5.8 Armour
 + Level 5.8 Dodging
 - Level 4.0 Spellcasting
 - Level 6.0 Translocations


You had 8 spell levels left.
You knew the following spells:

 Your Spells              Type           Power        Failure   Level
a - Gell's Gravitas       Tloc           12%          6%          3
b - Blink                 Tloc           N/A          3%          2
c - Lesser Beckoning      Tloc           12%          6%          3
d - Teleport Other        Tloc           25%          6%          3

Your spell library contained the following spells:

 Spells                   Type           Power        Failure   Level
 Passage of Golubria      Tloc           N/A          22%         4
 Beastly Appendage        Tmut           6%           26%         1
 Magic Dart               Conj           12%          26%         1
 Corpse Rot               Necr/Air       N/A          36%         2
 Searing Ray              Conj           6%           36%         2
 Wereblood                Tmut           3%           36%         2
 Dazzling Flash           Conj/Hex       6%           58%         3
 Mephitic Cloud           Conj/Pois/Air  3%           58%         3
 Spider Form              Tmut/Pois      1%           58%         3
 Stone Arrow              Conj/Erth      6%           58%         3
 Iskenderun's Mystic Bla  Conj/Tloc      14%          58%         4
 Fulminant Prism          Conj/Hex       1%           94%         4
 Ice Form                 Ice/Tmut       3%           94%         4
 Blade Hands              Tmut           1%           100%        5
 Orb of Destruction       Conj           1%           100%        7


Dungeon Overview and Level Annotations

Branches:
Dungeon (12/15)            Temple (1/1) D:6            Lair (0/6) D:11
  Sewer (visited)
    Orc: D:9-12

Altars:
Ashenzari
Cheibriados
Dithmenos
Elyvilon
Fedhas
Gozag
Hepliaklqana
Kikubaaqudgha
Makhleb
Nemelex Xobeh
Okawaru
Qazlal
Ru
Sif Muna
Trog
Uskayaw
Vehumet
Wu Jian
Xom
Yredelemnul
Zin
The Shining One

Shops:
D:4 *   D:7 (   D:12 }=

Annotations:
D:5 1 runed translucent door, Crazy Yiuf
D:12 Jorgrun


Innate Abilities, Weirdness & Mutations

You cannot wear boots.
Your serpentine skin is tough. (AC +4)
You have supernaturally acute eyesight. (SInv)
Armour fits poorly on your strangely shaped body.
Your system is resistant to poisons. (rPois)
You cover ground very slowly.
You can spit poison.


Message History

* * * LOW HITPOINT WARNING * * *
The six-headed hydra bites you but does no damage.
You thump the six-headed hydra! Jorgrun misses you.
* * * LOW HITPOINT WARNING * * *
The grasping roots constrict you. The six-headed hydra bites you.
* * * LOW HITPOINT WARNING * * *
The six-headed hydra bites you but does no damage. x3
The six-headed hydra bites you.
* * * LOW HITPOINT WARNING * * *
The six-headed hydra bites you!
* * * LOW HITPOINT WARNING * * *
You escape the roots' grasp.
Jorgrun mutters some incantations to himself.
Your +3 flail of holy wrath stops glowing.
Your +14 obsidian axe {vorpal, +Fly SInv *Curse} glows black for a moment.
It sticks to your hand!
U - the cursed +14 obsidian axe (weapon)
{vorpal, +Fly SInv *Curse} Visions of slaying Jorgrun flood into your mind.
Jorgrun hits you but does no damage.
You completely miss Jorgrun. Jorgrun casts a spell at you.
Roots burst forth from the earth!
The grasping roots grab you!
* * * LOW HITPOINT WARNING * * *
The grasping roots constrict you!
You slash Jorgrun! You open a gate to Pandemonium!
A demon appears!
Jorgrun casts a spell at you.
You are slowing down.
* * * LOW HITPOINT WARNING * * *
The grasping roots constrict you!
You cannot move away from Jorgrun!
You closely miss Jorgrun.
Jorgrun hits you with a +0 vorpal quarterstaff.
* * * LOW HITPOINT WARNING * * *
* * * LOW HITPOINT WARNING * * *
* * * LOW HITPOINT WARNING * * *
The grasping roots constrict you!
Your limbs are stiffening.
It was a potion of degeneration.
There was something very wrong with that liquid.
You feel weakened.
You feel dopey.
You feel clumsy.
e - 2 potions of degeneration;
J - 4 scrolls of enchant weapon Jorgrun hits you with a +0 vorpal quarterstaff!
* * * LOW HITPOINT WARNING * * *
The grasping roots constrict you. Jorgrun casts a spell at you.
Your limbs have turned to stone.
* * * LOW HITPOINT WARNING * * *
The grasping roots constrict you!
You have turned to stone.
Jorgrun hits you but does no damage.
You die...

... ###.# ...
#.# ##'# #§#
... #§# ..#
#§# ##.###.#
#§# #JDz##.#
#.# #g# #.#
#.# #@#
#.#########.#
#4#
#.#...(..!..#
#.#
#.#.#########
#.#
#.#.##########
#.#
#.#..........#
#.#
#.##########.#
....
#.###.#######
#.# ...#
#...........#
#.# ...
#...........#
#.#


You could see Jorgrun (mesmerising), a six-headed hydra, a jelly, a wight and a
friendly rust devil (summoned).

Vanquished Creatures
  An ettin (D:12)
  Harold (D:8)
  Fannar (D:11)
  2 two-headed ogres
  An ugly thing (D:9)
  2 cyclopes (D:11)
  Joseph (D:8)
  Maggie (D:6)
  A freezing wraith (D:9)
  7 trolls
  Grinder (D:3)
  A wyvern (D:11)
  A water elemental (D:11)
  Eustachio (D:4)
  5 yaks (D:10)
  Edmund (D:5)
  A water moccasin (D:7)
  5 ice beasts
  3 phantoms
  3 sky beasts
  2 orc warriors (D:7)
  An eye of draining (D:11)
  A hornet zombie (D:10)
  4 black bears
  8 centaurs
  4 necrophages (D:9)
  4 ogres
  3 wolves (D:11)
  10 big kobolds
  2 wyvern zombies
  4 bullfrogs
  A water moccasin zombie (D:12)
  2 wyvern skeletons
  3 scorpions
  12 wights
  3 howler monkeys
  2 bullfrog zombies
  A quasit (D:8)
  12 hounds
  2 jellies
  3 orc priests
  3 bullfrog skeletons
  3 centaur skeletons
  2 iguanas
  8 orc wizards
  7 worker ants
  2 killer bee zombies (D:9)
  2 hound skeletons
  A hound zombie (D:8)
  A worker ant zombie (D:9)
  3 mummies (D:9)
  13 adders
  3 gnolls (D:7)
  2 river rats
  3 white imps
  2 ufetubi (D:6)
  5 oozes
  2 adder zombies
  3 adder skeletons
  6 worms
  A dart slug (D:1)
  5 leopard geckos
  34 orcs
  4 giant cockroaches
  3 hobgoblins
  25 jackals
  18 kobolds
  4 quokkas
  4 ball pythons
  4 bats
  8 frilled lizards
  6 goblins
  A quokka skeleton (D:4)
  A quokka zombie (D:7)
  10 rats
323 creatures vanquished.

Vanquished Creatures (collateral kills)
  A wraith (D:11)
  A sky beast (D:9)
  A wolf (D:11)
  A wight (D:11)
  An electric eel (D:11)
  A hound (D:10)
  An orc priest (D:11)
  A worker ant (D:12)
  A jackal (D:9)
9 creatures vanquished.

Vanquished Creatures (others)
  A withered plant (D:9)
1 creature vanquished.

Grand Total: 333 creatures vanquished

Notes
Turn   | Place    | Note
-------+----------+-------------------------------------------
     0 | D:1      | Nagaphobic the Naga Warper began the quest for the Orb.
     0 | D:1      | Reached XP level 1. HP: 19/19 MP: 3/3
   124 | D:1      | Reached skill level 1 in Armour
   124 | D:1      | Reached XP level 2. HP: 26/26 MP: 5/5
   738 | D:1      | Learned a level 2 spell: Blink
   846 | D:1      | Reached XP level 3. HP: 29/33 MP: 6/6
   850 | D:1      | Learned a level 3 spell: Gell's Gravitas
  2548 | D:2      | Reached XP level 4. HP: 36/40 MP: 5/7
  3069 | D:3      | Noticed Grinder
  3079 | D:3      | Paralysed by Grinder for 2 turns
  3087 | D:3      | Paralysed by Grinder for 5 turns
  3101 | D:3      | Paralysed by Grinder for 2 turns
  3117 | D:3      | Paralysed by Grinder for 6 turns
  3131 | D:3      | Reached skill level 3 in Axes
  3133 | D:3      | Paralysed by Grinder for 2 turns
  3147 | D:3      | Killed Grinder
  3148 | D:3      | Reached XP level 5. HP: 38/48 MP: 3/8
  3148 | D:3      | Reached XP level 6. HP: 43/55 MP: 3/9
  3883 | D:4      | Reached skill level 4 in Axes
  4280 | D:4      | Noticed an ice beast
  4303 | D:4      | Killed an ice beast
  4304 | D:4      | Reached XP level 7. HP: 7/62 MP: 0/11
  4668 | D:4      | Found Ibivaij's General Store.
  4796 | D:4      | Noticed Eustachio
  4828 | D:4      | Killed Eustachio
  5122 | D:4      | Reached skill level 5 in Translocations
  5152 | D:4      | Found a stormy altar of Qazlal.
  5152 | D:4      | Found a sacrificial altar of Ru.
  5155 | D:4      | Found a sparkling altar of Nemelex Xobeh.
  5166 | D:4      | Reached XP level 8. HP: 54/70 MP: 9/12
  5170 | D:4      | Learned a level 3 spell: Lesser Beckoning
  5174 | D:4      | Learned a level 3 spell: Teleport Other
  5745 | D:5      | Entered Level 5 of the Dungeon
  5862 | D:5      | Noticed Edmund
  5866 | D:5      | Reached skill level 5 in Axes
  5892 | D:5      | Killed Edmund
  6166 | D:5      | Found an opulent altar of Gozag.
  6231 | D:5      | Found a glowing drain.
  6249 | Sewer    | Entered a sewer
  7099 | Sewer    | Reached skill level 6 in Axes
  7176 | Sewer    | Reached XP level 9. HP: 53/79 MP: 9/15
  7700 | D:5      | Found a runed translucent door.
  7701 | D:5      | Noticed Crazy Yiuf
  7758 | D:5      | Got a crystal long sword
  7762 | D:5      | Identified the +9 long sword "Tetacw Vumui" {vorpal,
                  | *Corrode +Rage rN+ Int+5} (You found it on level 5 of the
                  | Dungeon)
  7971 | D:5      | Found a glowing silver altar of Zin.
  8167 | D:6      | Found a staircase to the Ecumenical Temple.
  8636 | Temple   | Entered the Ecumenical Temple
  8709 | Temple   | Became a worshipper of Elyvilon the Healer
  8742 | D:6      | Reached skill level 5 in Fighting
  9115 | D:6      | Noticed Maggie
  9147 | D:6      | Killed Maggie
  9650 | D:7      | Reached * piety under Elyvilon
 10288 | D:7      | Reached skill level 7 in Axes
 10680 | D:7      | Found a basalt altar of Yredelemnul.
 10705 | D:7      | Reached XP level 10. HP: 78/91 MP: 13/16
 10869 | D:7      | Found a shadowy altar of Dithmenos.
 11122 | D:7      | Found Cedoarum's Antique Weapon Emporium.
 11138 | D:7      | Reached skill level 5 in Dodging
 11616 | D:7      | Reached ** piety under Elyvilon
 11822 | D:8      | Reached skill level 5 in Armour
 11983 | D:8      | Found a bloodstained altar of Trog.
 12033 | D:8      | Noticed Harold
 12067 | D:8      | Killed Harold
 12068 | D:8      | Reached skill level 8 in Axes
 12534 | D:8      | Noticed Joseph
 12565 | D:8      | Reached skill level 9 in Axes
 12574 | D:8      | Killed Joseph
 13413 | D:9      | Reached *** piety under Elyvilon
 13566 | D:9      | Reached skill level 10 in Axes
 13854 | D:9      | Reached XP level 11. HP: 79/103 MP: 12/17
 14405 | D:9      | Found the cursed +14 obsidian axe {vorpal, +Fly SInv
                  | *Curse}
 14422 | D:9      | Noticed a brown ugly thing
 14424 | D:9      | Noticed a two-headed ogre
 14428 | D:9      | Killed a brown ugly thing
 14430 | D:9      | Identified the cursed +0 lajatang "Cirenea" {drain, +Fly
                  | rPois rC+ SInv}
 14430 | D:9      | Identified the ring of the Kangaroo {rPois rF+ Int+4 Dex+3}
 14430 | D:9      | Noticed a centaur warrior
 14506 | D:9      | Killed a two-headed ogre
 14507 | D:9      | Reached skill level 11 in Axes
 14770 | D:9      | Identified the Disquisition on Excruciating Sinister
                  | Rituals
 14833 | D:9      | Was placed under penance by Elyvilon
 15106 | D:10     | Entered Level 10 of the Dungeon
 15714 | D:11     | Noticed Fannar
 15716 | D:11     | Fell from the grace of Elyvilon
 15723 | D:11     | Killed Fannar
 15924 | D:11     | Reached skill level 12 in Axes
 16064 | D:11     | Noticed a cyclops
 16066 | D:11     | Found a staircase to the Lair.
 16076 | D:11     | Killed a cyclops
 16081 | D:11     | Reached XP level 12. HP: 16/115 MP: 3/18
 16098 | D:11     | Noticed a two-headed ogre
 16107 | D:11     | Killed a two-headed ogre
 16696 | D:12     | Noticed a five-headed hydra
 16698 | D:12     | Noticed an ettin
 16698 | D:12     | a five-headed hydra changed into an ettin
 16704 | D:12     | Killed an ettin
 17082 | D:12     | Found Weedghiu's Gadget Emporium.
 17331 | D:12     | Found Teph's Jewellery Shoppe.
 17390 | D:12     | Identified a scroll of acquirement
 17390 | D:12     | Acquired 1017 gold pieces
 17398 | D:12     | Noticed a five-headed hydra
 17686 | D:12     | Noticed Jorgrun
 17697 | D:12     | HP: 2/109 [Jorgrun/+0 vorpal quarterstaff (8)]
 17698 | D:12     | Slain by Jorgrun

Illustrated notes

Levels and vault maps discovered:
D:1:      dpeg_arrival_signposts, layout_loops_cross, st_stairs_9
D:2:      layout_basic
D:3:      layout_basic, supply_closet_lemuel, kennysheep_generic_room_12,
          uniq_grinder
D:4:      layout_basic, nicolae_overflow_hidden_temple, serial_shops,
          nicolae_shop_stone, uniq_eustachio
D:5:      layout_loops_ring, pdpol_temple_overflow_zin_treasury_gozag_greed,
          portal_sewer_entry_b, uniq_edmund, uniq_crazy_yiuf_cottage
D:6:      cheibrodos_iron_armory, layout_rooms, minmay_temple_entry_grid,
          minmay_misc_feat_rows, uniq_maggie
D:7:      layout_loops_corners, old_standard_altar, serial_shops, shop,
          grunt_dithmenos_shadows
D:8:      layout_basic, bloody_trog, uniq_harold, uniq_joseph
D:9:      minmay_the_grid_triangle_9x9_recursive_2
          [minmay_the_grid_triangle_9x9_prize_schism,
          minmay_the_grid_triangle_9x9_sprig,
          minmay_the_grid_triangle_9x9_windchime,
          minmay_the_grid_triangle_9x9_sparse_checkered], layout_irregular_city,
          serial_undead, serial_undead_e, serial_undead_b, serial_undead_a,
          serial_undead_f, serial_undead_e, serial_undead_a
D:10:     layout_rooms
D:11:     layout_roguey, erik_lair_island, uniq_fannar
D:12:     layout_basic, serial_shops, shop_coins, shop, uniq_azrael,
          uniq_maurice, uniq_jorgrun
Temple:   eino_wide_crystal_templ

Skill      XL: |  1  2  3  4  5  6  7  8  9 10 11 |
---------------+----------------------------------+-----
Armour         | 1 2 3 4 5 |  5.8
Dodging        | 2 3 4 5 |  5.8
Axes           | 3 4 6 7 10 12 | 12.6
Translocations | 4 5 6 |  6.0
Fighting       | 3 4 6 8 9 |  9.8
Spellcasting   | 3 4 |  4.0
Throwing       | |  0.8

Action                   |  1- 3 |  4- 6 |  7- 9 | 10-12 || total
-------------------------+-------+-------+-------+-------++-------
Melee: Hand axe          |   115 |   112 |   559 |       ||   786
       War axe           |       |       |    97 |   406 ||   503
       Broad axe         |       |       |       |   136 ||   136
       Flail             |       |       |       |     5 ||     5
Throw: Boomerang         |       |     6 |     2 |       ||     8
 Abil: Spit Poison       |    17 |     9 |    32 |     7 ||    65
Evoke: Wand              |       |       |       |    25 ||    25
  Use: Potion            |       |     4 |     2 |    10 ||    16
       Scroll            |       |     3 |     7 |    14 ||    24
 Stab: Distracted        |       |       |       |     1 ||     1
Armor: Leather armour    |    37 |    18 |   145 |       ||   200
       Swamp dragon scal |       |       |    31 |   303 ||   334
Dodge: Dodged            |    77 |   102 |   457 |   544 ||  1180
